AoeStats
← Azatapower

Golden Pit

507794405Analyzed
1v1 RM · 12d ago on Sep 19, 2026· 43m 38s· 2 players
Game mode
Random Map
Map size
Tiny (2 player)
Population
200
Speed
Normal
Resources
Standard
Victory
Conquest
Starting age
Dark Age
Ending age
Imperial Age
RankedLock teamsTeams togetherTeam positionsShared explorationLock speedFull tech treeHidden civsTurbo modeCheats
Victory
Defeat
🇧🇷 Lithuanians · Brazil
1337
+13
🇮🇳 Romans · India
1270
-13
Shan6666
6:11 Loom
8:57 Feudal Age
9:44 Man-at-Arms
10:27 Scale Mail Armor
18:44 Horse Collar
21:43 Castle Age
20:17 Bloodlines
20:40 Scale Barding Armor
21:33 Forging
26:26 Wheelbarrow
26:53 Chain Barding Armor
27:28 Pikeman
30:24 Double-Bit Axe
34:38 Heavy Plow
39:57 Imperial Age
40:28 Long Swordsman
41:08 Squires
Azatapower
5:56 Loom
8:28 Feudal Age
9:38 Man-at-Arms
21:47 Castle Age
19:40 Double-Bit Axe
19:45 Horse Collar
21:34 Scale Barding Armor
21:40 Forging
22:19 Bloodlines
22:44 Fletching
23:55 Light Cavalry
36:09 Chain Barding Armor
39:26 Murder Holes
40:08 Wheelbarrow
39:18 Town Watch
41:44 Gold Mining
41:44 Stone Mining
46:05 Imperial Age
43:53 Hand Cart
43:39 Husbandry
43:28 Long Swordsman
Connection lost

Rejoining the realm…

Still unreachable

The connection could not be restored.

Session expired

The server has moved on; the page needs a fresh start.